 Dungeon Crawl Stone Soup version 0.16.2-12-gd0ad4c3 (webtiles) character file.

197814 faibistes the Eclecticist (level 18, -7/104 HPs)
             Began as a Deep Elf Wizard on Aug 29, 2018.
             Was the Champion of Sif Muna.
             Killed from afar by a shock serpent (9 damage)
             ... with a bolt of electricity
             ... on level 4 of the Snake Pit on Aug 31, 2018.
             The game lasted 03:18:05 (59080 turns).

faibistes the Eclecticist (Deep Elf Wizard)        Turns: 59080, Time: 03:18:05

Health: -7/104     AC: 15    Str:  4    XL:     18   Next: 19%
Magic:  41/63      EV: 17    Int: 32    God:    Sif Muna [******]
Gold:   1928       SH:  0    Dex: 13    Spells: 10 memorised, 5 levels left

rFire  + + .     SeeInvis .     w - staff of power
rCold  x x .     Clarity  .     v - +2 robe {rN+}
rNeg   + . .     SustAb   .     (no shield)
rPois  .         Gourm    .     y - +1 hat {MR+}
rElec  .         Spirit   .     S - +2 cloak
rCorr  .         Warding  .     T - +2 pair of gloves
rMut   .         Stasis   .     N - +1 pair of boots
MR     ++...                    C - amulet of regeneration
Stlth  ++........               s - ring of magical power
                                u - ring of wizardry

@: immune to fire clouds, very resistant to hostile enchantments, unstealthy
A: yellow scales 1
a: Channel Energy, Forget Spell, Renounce Religion


You were on level 4 of the Snake Pit.
You worshipped Sif Muna.
Sif Muna was exalted by your worship.
You were not hungry.

You visited 7 branches of the dungeon, and saw 37 of its levels.

You collected 3732 gold pieces.
You spent 1804 gold pieces at shops.

Inventory:

Hand weapons
 p - the +4 glaive of the Ass {speed, rElec rF+ rN++ MR- Dex+3}
   (You found it on level 2 of the Elven Halls)

   Attacks with this weapon are significantly faster.
   It affects your dexterity (+3).
   It protects you from fire.
   It insulates you from electricity.
   It greatly protects you from negative energy.
   It affects your resistance to hostile enchantments.
 W - the +0 spear of Temperance {freeze, rElec rPois rF+ rC+ Str-3}
   (You found it on level 1 of the Elven Halls)

   It has been specially enchanted to freeze those struck by it, causing extra
   injury to most foes and up to half again as much damage against particularly
   susceptible opponents.
   It can also slow down cold-blooded creatures.
   It affects your strength (-3).
   It protects you from fire.
   It protects you from cold.
   It insulates you from electricity.
   It protects you from poison.
Armour
 v - a +2 robe of positive energy (worn)
 y - a +1 hat of magic resistance (worn)
 N - a +1 pair of boots (worn)
 S - a +2 cloak (worn)
 T - a +2 pair of gloves (worn)
Magical staves
 w - an uncursed staff of power (weapon)
Rods
 P - a +2 rod of clouds (10/10)
   (You found it on level 2 of the Lair of Beasts)
Jewellery
 e - an uncursed ring of protection from magic
 j - an uncursed amulet of the gourmand
 s - a ring of magical power (right hand)
 u - a ring of wizardry (left hand)
 B - an uncursed ring of see invisible
 C - an amulet of regeneration (around neck)
 E - an uncursed ring of sustain abilities
 J - an uncursed ring of ice
 Q - an uncursed ring of poison resistance
Magical devices
 b - a wand of paralysis (19)
 n - a wand of invisibility (7)
 r - a wand of hasting (3)
 x - a wand of digging (14)
 z - a wand of fireball (3)
 D - a wand of digging (10)
 G - a wand of confusion (24)
 M - a wand of draining (1)
 O - a wand of confusion (18)
 U - a wand of slowing (20)
Scrolls
 a - 2 scrolls of blinking
 g - 3 scrolls of identify
 k - 7 scrolls of teleportation
 o - 4 scrolls of recharging
 H - 3 scrolls of magic mapping
 K - 5 scrolls of remove curse
 V - 6 scrolls of fog
 X - 5 scrolls of fear
 Z - a scroll of immolation
Potions
 c - 2 potions of ambrosia
 f - a potion of restore abilities
 h - 4 potions of flight
 l - 6 potions of heal wounds
 m - a potion of berserk rage
 q - 11 potions of curing
 t - 2 potions of cure mutation
 A - 4 potions of haste
 F - a potion of invisibility
 I - 2 potions of cancellation
 L - 4 potions of resistance
 Y - 3 potions of brilliance
Books
 R - a book of Ice

   Spells                             Type                      Level
   a - Ice Form                       Ice/Transmutation            4
   b - Metabolic Englaciation         Hexes/Ice                    5
   c - Ozocubu's Refrigeration        Ice                          6
   d - Bolt of Cold                   Conjuration/Ice              6
   e - Freezing Cloud                 Conjuration/Ice/Air          6
   f - Simulacrum                     Ice/Necromancy               6
Comestibles
 d - 9 bread rations
 i - 14 meat rations


   Skills:
 + Level 8.9 Fighting
 - Level 10.1 Dodging
 - Level 2.4 Stealth
 * Level 18.4 Spellcasting
 * Level 13.6 Conjurations
 - Level 11.8 Charms
   Level 4.0 Summonings
 - Level 7.0 Translocations
   Level 3.1 Transmutations
 * Level 13.4 Fire Magic
 - Level 5.1 Air Magic
 * Level 13.5 Earth Magic
 - Level 2.9 Poison Magic
 - Level 10.1 Invocations
 - Level 9.1 Evocations


You had 5 spell levels left.
You knew the following spells:

 Your Spells              Type           Power        Failure   Level  Hunger
a - Airstrike             Air            ######....   1%          4    None
b - Ring of Flames        Chrm/Fire      ########..   3%          7    ###....
c - Iron Shot             Conj/Erth      #######...   1%          6    None
d - Blink                 Tloc           N/A          1%          2    None
e - Mephitic Cloud        Conj/Pois/Air  ######..     1%          3    None
f - Deflect Missiles      Chrm/Air       ######....   3%          6    None
l - Lee's Rapid Deconstr  Erth           #######...   1%          5    None
v - Bolt of Fire          Conj/Fire      ########..   1%          6    None
x - Force Lance           Conj/Tloc      #######.     1%          4    None
z - Fireball              Conj/Fire      ########..   1%          5    None


Dungeon Overview and Level Annotations

Branches:
Dungeon (12/15)            Temple (1/1) D:6            Lair (8/8) D:9
 Shoals (5/5) Lair:4        Snake (5/5) Lair:4        Slime (0/6) Lair:6
    Orc (4/4) D:11            Elf (2/3) Orc:3

Altars:
Ashenzari
Cheibriados
Dithmenos
Elyvilon
Fedhas
Gozag
Kikubaaqudgha
Makhleb
Nemelex Xobeh
Okawaru
Qazlal
Ru
Sif Muna
Trog
Vehumet
Xom
Yredelemnul
Zin
The Shining One
Jiyva

Shops:
D:6 :   D:9 [   Orc:4 =*}*   Elf:1 *   Elf:2 =   Shoals:2 =

Portals:
Trove: D:11 (give 7 potions of haste)


Innate Abilities, Weirdness & Mutations

You are immune to clouds of flame.
You are partially covered in yellow scales (AC +2).


Message History

You feel a surge of power!
The fireball explodes!
The fireball engulfs the shock serpent.
The shock serpent is heavily wounded.
The shock serpent's electric aura discharges!
The shock serpent shoots out a bolt of lightning at you!
The bolt of electricity hits you! x2
The black mamba moves out of view.
The naga sharpshooter gestures wildly while chanting.
The naga sharpshooter magically shoots a bolt.
The bolt hits you!!
The shock serpent shoots out a bolt of lightning at you!
The bolt of electricity hits you!
* * * LOW HITPOINT WARNING * * *
The bolt of electricity hits you!
* * * LOW HITPOINT WARNING * * *
A naga comes into view. It is wielding a flail.
The naga shouts!
The shock serpent shoots out a bolt of lightning at you!
The bolt of electricity misses you. The bolt of electricity hits you!
You die...

##.(..# #......
#....(. #..... #
#< .# #. .
####S.### #.÷÷
...).###§§.......
.....#[
..S....§@#
..#####
NN...##### . # .
#


You could see a naga sharpshooter, a shock serpent, a black mamba and a naga.

Vanquished Creatures
  Saint Roka (Shoals:4)
  Vashnia (Snake:2)
  Polyphemus (Shoals:3)
  A kraken (Shoals:4)
  An octopode crusher (Shoals:4)
  Agnes (Shoals:4)
  Frances (Snake:2)
  A greater naga (Snake:3)
  Roxanne (Shoals:4)
  Donald (Elf:2)
  A frost giant (Shoals:2)
  Aizul (Snake:4)
  A deep elf demonologist (Elf:1)
  A deep elf annihilator (Elf:1)
  2 deep elf death magi
  3 merfolk javelineers
  2 fire dragons (Lair:8)
  2 merfolk impalers
  A deep elf high priest (Elf:2)
  7 hydras
  6 naga warriors
  An anaconda (Snake:4)
  2 merfolk avatars
  3 catoblepae
  3 merfolk aquamancers
  2 orc high priests (Elf:1)
  13 dancing weapons (Elf:2)
  9 death yaks
  12 naga sharpshooters
  18 deep elf knights
  4 shock serpents
  An unseen horror (D:10)
  14 sea snakes
  3 deep elf summoners
  A naga ritualist (Snake:3)
  4 hill giants
  16 deep elf conjurers
  6 lindwurms
  20 harpies
  4 orc knights
  2 mana vipers (Snake:3)
  3 oklob plants (Lair:7)
  9 manticores
  7 griffons
  12 cyclopes
  An ugly thing (D:11)
  3 salamanders
  16 fauns
  6 water nymphs
  A sixfirhy (Snake:2)
  Maurice (D:10)
  14 sirens
  18 black mambas
  15 elephants
  A centaur skeleton (D:11)
  7 torpor snails
  Psyche (Orc:3)
  7 spiny frogs
  9 naga magi
  4 fire drakes
  12 komodo dragons
  5 trolls
  2 wind drakes
  Sonja (D:10)
  5 deep elf priests
  A polar bear (Lair:7)
  2 giant leeches (Lair:8)
  A slime creature (Lair:4)
  28 merfolk
  12 snapping turtles
  10 blink frogs
  A wyvern (Lair:6)
  A wraith (D:11)
  5 basilisks
  23 deep elf magi
  29 yaks
  A redback (Elf:1)
  A human (D:7)
  9 water elementals
  A hungry ghost (D:7)
  Eustachio (D:5)
  3 wargs
  13 hippogriffs
  26 deep elf fighters
  4 steam dragons
  13 wolves
  3 mottled dragons
  34 nagas
  20 porcupines
  24 water moccasins
  3 sky beasts
  The ghost of faibistes the Magician, an average DEWz (D:4)
  A sky beast (shapeshifter) (Elf:1)
  3 swamp drakes (Lair:8)
  4 wasps (Lair:8)
  46 orc warriors
  A black bear (D:7)
  11 ice beasts
  13 ogres
  2 phantoms
  11 centaurs
  3 brain worms (Lair:8)
  20 crocodiles
  2 boring beetles
  2 big kobolds
  Blork the orc (D:9)
  15 giant frogs
  A water moccasin skeleton (D:5)
  7 killer bees
  4 scorpions
  9 electric eels
  8 crimson imps
  3 goliath beetles
  2 quasits
  19 orc priests
  8 hounds
  6 jellies
  11 worker ants
  3 giant frog skeletons
  A hell rat (Elf:1)
  11 iguanas
  27 orc wizards
  A killer bee zombie (D:11)
  A human zombie (D:10)
  26 sheep
  A hound skeleton (D:9)
  22 adders
  4 gnolls (Orc:2)
  2 worker ant zombies
  2 giant mites
  75 river rats
  A shadow imp (D:10)
  18 worms
  3 adder skeletons
  9 giant geckos
  17 oozes
  189 orcs
  34 bats
  3 bat skeletons
  7 giant cockroaches
  26 hobgoblins
  6 jackals
  6 ball pythons
  6 giant newts
  30 goblins
  A jackal skeleton (D:7)
  A jackal zombie (D:8)
  21 kobolds
  An orc zombie (D:10)
  14 quokkas
  A quokka zombie (D:9)
  16 rats
  2 ballistomycetes (D:10)
  A bush (Lair:6)
  3 butterflies
  4 fungi
  9 plants
  2 tentacles (Shoals:4)
1425 creatures vanquished.

Vanquished Creatures (collateral kills)
  A killer bee (D:9)
  A worker ant (D:8)
2 creatures vanquished.

Vanquished Creatures (others)
  An elephant (Lair:8)
  A lost soul (Elf:1)
  A shadow imp (D:8)
  A giant spore (D:10)
  12 fungi
  40 plants
  11 tentacles (Shoals:4)
  731 tentacle segments (Shoals:4)
798 creatures vanquished.

Grand Total: 2225 creatures vanquished

Notes
Turn   | Place    | Note
--------------------------------------------------------------
     0 | D:1      | faibistes, the Deep Elf Wizard, began the quest for the Orb.
     0 | D:1      | Reached XP level 1. HP: 10/10 MP: 6/6
   422 | D:1      | Reached XP level 2. HP: 15/15 MP: 6/9
   462 | D:1      | Learned a level 2 spell: Blink
   465 | D:1      | Learned a level 2 spell: Call Imp
  1140 | D:1      | Reached skill level 5 in Spellcasting
  1140 | D:1      | Reached XP level 3. HP: 19/19 MP: 10/14
  1145 | D:1      | Learned a level 3 spell: Conjure Flame
  1149 | D:1      | Learned a level 3 spell: Mephitic Cloud
  1800 | D:2      | Reached XP level 4. HP: 24/24 MP: 12/17
  1839 | D:2      | Learned a level 2 spell: Repel Missiles
  3081 | D:3      | Reached XP level 5. HP: 28/28 MP: 20/20
  3160 | D:3      | Found a bloodstained altar of Trog.
  3178 | D:3      | Found a glowing silver altar of Zin.
  3179 | D:3      | Found a radiant altar of Vehumet.
  3212 | D:4      | Noticed faibistes' ghost (average DEWz)
  3224 | D:4      | Killed faibistes' ghost
  3224 | D:4      | Reached skill level 6 in Spellcasting
  3243 | D:4      | Reached XP level 6. HP: 11/32 MP: 12/22
  3784 | D:5      | Entered Level 5 of the Dungeon
  4114 | D:4      | Noticed a phantom
  4128 | D:4      | Killed a phantom
  4128 | D:4      | Reached skill level 7 in Spellcasting
  4287 | D:4      | Reached XP level 7. HP: 35/37 MP: 15/25
  4401 | D:4      | Reached skill level 1 in Fighting
  4627 | D:4      | Reached skill level 5 in Dodging
  4712 | D:4      | Noticed a giant frog
  4715 | D:4      | Killed a giant frog
  4823 | D:4      | Reached skill level 8 in Spellcasting
  5319 | D:5      | Reached XP level 8. HP: 36/45 MP: 21/27
  5426 | D:5      | Noticed Eustachio
  5647 | D:5      | Killed Eustachio
  5647 | D:5      | Reached skill level 9 in Spellcasting
  6179 | D:5      | Learned a level 2 spell: Ensorcelled Hibernation
  6583 | D:5      | Reached skill level 10 in Spellcasting
  6721 | D:6      | Found an ancient bone altar of Kikubaaqudgha.
  6730 | D:6      | Found Zeschush's Book Shoppe.
  6737 | D:6      | Found a staircase to the Ecumenical Temple.
  6757 | Temple   | Entered the Ecumenical Temple
  6771 | Temple   | Became a worshipper of Sif Muna the Loreminder
  7067 | D:6      | Gained mutation: You are partially covered in yellow scales (AC +2). [potion of beneficial mutation]
  7120 | D:6      | Reached skill level 1 in Poison Magic
  7149 | D:7      | Reached XP level 9. HP: 52/52 MP: 30/30
  7219 | D:6      | Found a runed door.
  7456 | D:7      | Reached skill level 1 in Fire Magic
  7533 | D:7      | Found a glowing golden altar of the Shining One.
  8045 | D:7      | Reached skill level 5 in Conjurations
  8052 | D:7      | Acquired Sif Muna's first power
  8052 | D:7      | Reached skill level 1 in Air Magic
  8309 | D:7      | Noticed a hungry ghost
  8323 | D:7      | Killed a hungry ghost
  8419 | D:7      | Noticed a yak
  8419 | D:7      | Noticed a yak
  8419 | D:7      | Noticed a human
  8426 | D:7      | Killed a human
  8431 | D:7      | Killed a yak
  8431 | D:7      | Acquired Sif Muna's second power
  8457 | D:7      | Killed a yak
  8867 | D:8      | Reached skill level 11 in Spellcasting
  9260 | D:8      | Reached skill level 1 in Evocations
  9270 | D:8      | Reached skill level 1 in Charms
  9349 | D:8      | Reached skill level 1 in Invocations
  9349 | D:8      | Reached XP level 10. HP: 58/58 MP: 32/32
  9428 | D:8      | Found a shattered altar of Ashenzari.
  9688 | D:9      | Noticed Blork the orc
  9698 | D:9      | Killed Blork the orc
 10239 | D:9      | Found Irhoer's Antique Armour Shop.
 10246 | D:9      | Bought a runed cloak for 108 gold pieces
 10671 | D:10     | Entered Level 10 of the Dungeon
 10832 | D:9      | Found a staircase to the Lair.
 11377 | Lair:1   | Entered Level 1 of the Lair of Beasts
 11655 | Lair:1   | Learned a level 5 spell: Lee's Rapid Deconstruction
 11659 | Lair:1   | Learned a level 3 spell: Passwall
 11974 | Lair:1   | Reached skill level 1 in Earth Magic
 11986 | Lair:1   | Reached skill level 1 in Transmutations
 12667 | Lair:2   | Reached skill level 5 in Fire Magic
 12955 | Lair:1   | Reached XP level 11. HP: 62/62 MP: 33/33
 13602 | Lair:1   | Acquired Sif Muna's third power
 14386 | Lair:3   | Reached skill level 12 in Spellcasting
 15017 | Lair:2   | Noticed a lindwurm
 15022 | Lair:2   | Noticed a lindwurm
 15023 | Lair:2   | Noticed a lindwurm
 15056 | Lair:2   | Noticed a lindwurm
 15217 | Lair:2   | Killed a lindwurm
 15218 | Lair:2   | Killed a lindwurm
 15218 | Lair:2   | Reached skill level 5 in Fighting
 15232 | Lair:2   | Killed a lindwurm
 15238 | Lair:2   | Killed a lindwurm
 15465 | Lair:2   | Reached skill level 5 in Charms
 15643 | Lair:2   | Reached skill level 5 in Invocations
 15747 | Lair:2   | Found a shadowy altar of Dithmenos.
 16146 | Lair:3   | Learned a level 3 spell: Dazzling Spray
 16153 | Lair:3   | Learned a level 6 spell: Bolt of Fire
 16157 | Lair:3   | Identified a +2 rod of clouds (10/10) (You found it on level 2 of the Lair of Beasts)
 16284 | Lair:3   | Noticed a five-headed hydra
 16319 | Lair:3   | Killed a five-headed hydra
 16433 | Lair:3   | Noticed a five-headed hydra
 16444 | Lair:3   | Killed a five-headed hydra
 16444 | Lair:3   | Reached XP level 12. HP: 64/68 MP: 35/35
 16656 | Lair:4   | Identified a scroll of acquirement
 16657 | Lair:4   | Identified the Guide on the Arsonist (You acquired it on level 4 of the Lair of Beasts)
 16665 | Lair:4   | Learned a level 5 spell: Fireball
 16671 | Lair:4   | Learned a level 4 spell: Sticky Flame
 16747 | Lair:5   | Noticed a four-headed hydra
 16752 | Lair:5   | Killed a four-headed hydra
 16868 | Lair:7   | Reached skill level 5 in Earth Magic
 17286 | Lair:3   | Noticed a five-headed hydra
 17292 | Lair:3   | Killed a five-headed hydra
 17460 | Lair:3   | Reached skill level 13 in Spellcasting
 17460 | Lair:3   | Reached skill level 5 in Translocations
 18113 | Lair:3   | Received a gift from Sif Muna
 18122 | Lair:3   | Identified Phoiloth's Compendium of Unstable Stones (Sif Muna gifted it to you on level 3 of the Lair of Beasts)
 18443 | Lair:4   | Found a staircase to the Shoals.
 18448 | Lair:4   | Found a staircase to the Snake Pit.
 18733 | Lair:4   | Reached skill level 5 in Evocations
 18868 | Lair:4   | Found a snail-covered altar of Cheibriados.
 19544 | Lair:5   | Noticed a six-headed hydra
 19547 | Lair:5   | Killed a six-headed hydra
 19561 | Lair:5   | Noticed a death yak
 19561 | Lair:5   | Noticed a death yak
 19561 | Lair:5   | Noticed a death yak
 19574 | Lair:5   | Killed a death yak
 19576 | Lair:5   | Killed a death yak
 19579 | Lair:5   | Killed a death yak
 19897 | Lair:5   | Noticed a catoblepas
 19918 | Lair:5   | Killed a catoblepas
 20158 | Lair:6   | Found a staircase to the Slime Pits.
 20158 | Lair:6   | Found a viscous altar of Jiyva.
 20465 | Lair:6   | Reached XP level 13. HP: 74/74 MP: 36/36
 21092 | D:6      | Bought a book of the Sky for 715 gold pieces
 21270 | Lair:3   | Learned a level 4 spell: Airstrike
 21346 | Lair:2   | Learned a level 6 spell: Deflect Missiles
 21354 | Lair:2   | Learned a level 5 spell: Fireball
 21497 | Lair:4   | Noticed a four-headed hydra
 21500 | Lair:4   | Killed a four-headed hydra
 21655 | Lair:8   | Entered Level 8 of the Lair of Beasts
 22496 | Lair:7   | Noticed a five-headed hydra
 22502 | Lair:7   | Killed a five-headed hydra
 22690 | Lair:8   | Reached skill level 14 in Spellcasting
 23279 | Lair:7   | Received a gift from Sif Muna
 26063 | Lair:8   | Reached XP level 14. HP: 65/80 MP: 27/38
 26480 | Lair:8   | Found a runed door.
 27008 | Lair:8   | Reached skill level 5 in Air Magic
 27954 | D:10     | Noticed Maurice
 27956 | D:10     | Killed Maurice
 28211 | D:10     | Noticed a hill giant
 28212 | D:10     | Killed a hill giant
 28308 | D:10     | Noticed Sonja
 28308 | D:9      | Found a snail-covered altar of Cheibriados.
 28308 | D:9      | Found a blossoming altar of Fedhas.
 28325 | D:10     | Killed Sonja
 28387 | D:11     | Noticed a cyclops
 28389 | D:11     | Killed a cyclops
 28494 | D:10     | Killed an unseen horror
 29429 | D:11     | Noticed a hill giant
 29434 | D:11     | Killed a hill giant
 29546 | D:11     | Reached skill level 10 in Dodging
 29551 | D:11     | Noticed a cyclops
 29565 | D:11     | Noticed a cyclops
 29569 | D:11     | Killed a cyclops
 29576 | D:11     | Killed a cyclops
 30132 | D:11     | Identified Dumiuff's Almanac of Displacement (You acquired it on level 11 of the Dungeon)
 30139 | D:11     | Learned a level 4 spell: Force Lance
 30192 | D:11     | Noticed a hill giant
 30194 | D:11     | Killed a hill giant
 30387 | D:11     | Found a staircase to the Orcish Mines.
 30478 | D:11     | Found a portal to a secret trove of treasure.
 30658 | D:11     | Noticed a hill giant
 30661 | D:11     | Killed a hill giant
 30834 | Orc:1    | Entered Level 1 of the Orcish Mines
 32067 | Orc:3    | Noticed Psyche
 32070 | Orc:3    | Killed Psyche
 32259 | Orc:4    | Entered Level 4 of the Orcish Mines
 32836 | Orc:3    | Found a staircase to the Elven Halls.
 33421 | Orc:2    | You fall through a shaft!
 34315 | Orc:4    | Reached skill level 15 in Spellcasting
 35057 | Orc:4    | Received a gift from Sif Muna
 35058 | Orc:4    | Identified Sif Muna's Guide on Stones (Sif Muna gifted it to you on level 4 of the Orcish Mines)
 36137 | Orc:4    | Found Ranyusus' General Store.
 36137 | Orc:4    | Found Tweabric's Gadget Emporium.
 36140 | Orc:4    | Found Waomev's General Store.
 36142 | Orc:4    | Found Shikh's Jewellery Shop.
 36146 | Orc:4    | Bought a scroll of teleportation for 48 gold pieces
 36152 | Orc:4    | Bought a scroll of teleportation for 36 gold pieces
 36159 | Orc:4    | Bought a potion of curing for 48 gold pieces
 36162 | Orc:4    | Bought a potion of curing for 36 gold pieces
 36164 | Orc:4    | Bought a wand of hasting (3) for 420 gold pieces
 36680 | Elf:1    | Entered Level 1 of the Elven Halls
 36952 | Elf:1    | Found Purch's Assorted Antiques.
 36966 | Elf:1    | Bought a scroll labeled UJIEZEI LIROQO for 33 gold pieces
 36967 | Elf:1    | Bought an onyx ring for 165 gold pieces
 37056 | Elf:1    | Reached XP level 15. HP: 71/85 MP: 6/39
 37089 | Elf:1    | Got a pitted spear
 37090 | Elf:1    | Identified the cursed +0 spear of Temperance {freeze, rElec rPois rF+ rC+ Str-3} (You found it on level 1 of the Elven Halls)
 37958 | Elf:2    | Found Wintideb's Jewellery Boutique.
 37993 | Elf:2    | Bought an uncursed ring of see invisible for 195 gold pieces
 38064 | Elf:2    | Reached skill level 10 in Invocations
 38162 | Elf:2    | Reached skill level 10 in Fire Magic
 39188 | Elf:1    | Reached skill level 10 in Conjurations
 39203 | Elf:1    | Identified Kauczuuc's Almanac of Flamy Conjuration
 39298 | Elf:1    | Reached skill level 10 in Earth Magic
 39664 | Elf:2    | Received a gift from Sif Muna
 39665 | Elf:2    | Identified Ghimuke's Papyrus of Displacement (Sif Muna gifted it to you on level 2 of the Elven Halls)
 39816 | Elf:2    | Got an ebony glaive
 39841 | Elf:2    | Identified the +4 glaive of the Ass {speed, rElec rF+ rN++ MR- Dex+3} (You found it on level 2 of the Elven Halls)
 40142 | Elf:2    | Found a huge runed gate.
 40142 | Elf:2    | Found a huge runed gate.
 40143 | Elf:2    | Found a huge runed gate.
 40143 | Elf:2    | Found a huge runed gate.
 40143 | Elf:2    | Found a huge runed gate.
 40942 | Elf:2    | Reached skill level 10 in Charms
 41157 | Elf:2    | Noticed Donald
 41162 | Elf:2    | Killed Donald
 41315 | Elf:2    | Reached skill level 16 in Spellcasting
 41340 | Elf:2    | Reached XP level 16. HP: 55/92 MP: 6/40
 42181 | Lair:2   | Learned a level 6 spell: Iron Shot
 42294 | Shoals:1 | Entered Level 1 of the Shoals
 43432 | Shoals:2 | Received a gift from Sif Muna
 43433 | Shoals:2 | Identified Sif Muna's Volume of Companions (Sif Muna gifted it to you on level 2 of the Shoals)
 46864 | Shoals:2 | Received a gift from Sif Muna
 46873 | Shoals:2 | Identified Sogoarus' Catalogue of Blows and Bruises (Sif Muna gifted it to you on level 2 of the Shoals)
 47278 | Shoals:2 | Found Skodder's Jewellery Emporium.
 47676 | Shoals:2 | Reached skill level 17 in Spellcasting
 48944 | Shoals:4 | Noticed Polyphemus
 49394 | Shoals:3 | Killed Polyphemus
 49394 | Shoals:3 | Reached XP level 17. HP: 97/97 MP: 31/41
 49526 | Shoals:4 | Noticed Agnes
 49655 | Shoals:4 | Killed Agnes
 50236 | Shoals:4 | Noticed Saint Roka
 50244 | Shoals:4 | Killed Saint Roka
 51092 | Shoals:4 | Received a gift from Sif Muna
 51093 | Shoals:4 | Identified Sif Muna's Reference Book on Augmentations (Sif Muna gifted it to you on level 4 of the Shoals)
 51522 | Shoals:5 | Entered Level 5 of the Shoals
 52745 | Shoals:4 | Noticed Roxanne
 52750 | Shoals:4 | Killed Roxanne
 53677 | Lair:2   | Learned a level 7 spell: Ring of Flames
 53759 | Snake:1  | Entered Level 1 of the Snake Pit
 53781 | Snake:2  | Noticed Frances
 53786 | Snake:2  | Killed Frances
 56051 | Snake:2  | Reached skill level 18 in Spellcasting
 56342 | Snake:2  | Noticed Vashnia
 56969 | Snake:2  | Killed Vashnia
 56971 | Snake:2  | Received a gift from Sif Muna
 57605 | Snake:4  | Reached XP level 18. HP: 104/104 MP: 12/43
 58650 | Snake:4  | Noticed Aizul
 58656 | Snake:4  | Killed Aizul
 58817 | Snake:5  | Entered Level 5 of the Snake Pit
 59079 | Snake:4  | HP: 2/104 [shock serpent/bolt of electricity (18)]
 59080 | Snake:4  | Killed from afar by a shock serpent

Action                   |  1- 3 |  4- 6 |  7- 9 | 10-12 | 13-15 | 16-18 || total
-------------------------+-------+-------+-------+-------+-------+-------++-------
Melee: Dagger            |     2 |     1 |   101 |    36 |       |       ||   140
       Staff             |       |       |       |     6 |    25 |     1 ||    32
 Cast: Magic Dart        |    82 |   156 |   333 |   646 |     2 |       ||  1219
       Conjure Flame     |     1 |     4 |    38 |    61 |     5 |       ||   109
       Mephitic Cloud    |       |     9 |    38 |    50 |     2 |       ||    99
       Repel Missiles    |       |     2 |     2 |       |       |       ||     4
       Blink             |       |     4 |     6 |    58 |    23 |    11 ||   102
       Call Imp          |       |       |     7 |       |       |       ||     7
       Ensorcelled Hiber |       |       |     3 |     9 |       |       ||    12
       Dazzling Spray    |       |       |       |    34 |       |       ||    34
       Lee's Rapid Decon |       |       |       |     9 |   113 |    44 ||   166
       Fireball          |       |       |       |    61 |   247 |   212 ||   520
       Bolt of Fire      |       |       |       |    21 |   251 |   224 ||   496
       Sticky Flame      |       |       |       |    21 |    51 |       ||    72
       Airstrike         |       |       |       |       |   197 |   102 ||   299
       Deflect Missiles  |       |       |       |       |     6 |    10 ||    16
       Force Lance       |       |       |       |       |    63 |    56 ||   119
       Iron Shot         |       |       |       |       |       |    67 ||    67
       Ring of Flames    |       |       |       |       |       |     6 ||     6
Invok: Channel Energy    |       |       |       |    30 |   133 |   139 ||   302
       Forget Spell      |       |       |       |     1 |     4 |     2 ||     7
Evoke: Wand              |       |       |       |     2 |       |       ||     2
  Use: Scroll            |       |       |    12 |    21 |    15 |     6 ||    54
       Potion            |       |       |     1 |     3 |     2 |     5 ||    11
 Stab: Sleeping          |       |     1 |       |     1 |       |       ||     2
       Confused          |       |       |     2 |     1 |       |       ||     3
  Eat: Chunk             |     3 |     7 |    27 |    43 |   115 |    57 ||   252
       Bread ration      |       |       |       |       |       |     4 ||     4
       Pizza             |       |       |       |       |       |     2 ||     2
       Beef jerky        |       |       |       |       |       |     1 ||     1
       Fruit             |       |       |       |       |       |     2 ||     2
